 Dungeon Crawl Stone Soup version 0.30.1-9-gdf580d7c3d (webtiles) character file.

Game seed: 6633187823488466084

1554 KittyFluff the Covered (level 8, -1/76 HPs)
             Began as a Gargoyle Berserker on Oct 15, 2023.
             Was a Priest of Trog.
             Slain by a gnoll sergeant
             ... wielding a +0 spear
              (2 damage)
             ... on level 6 of the Dungeon.
             The game lasted 00:18:25 (5076 turns).

KittyFluff the Covered (Gargoyle Berserker)         Turns: 5076, Time: 00:18:25

Health: -1/76      AC: 14    Str: 23    XL:     8   Next: 88%
Magic:  8/8        EV: 11    Int:  8    God:    Trog [***...]
Gold:   316        SH:  0    Dex:  9    Spells: 7/7 levels left

rFire   . . .        v - +0 quarterstaff
rCold   . . .        (shield currently unavailable)
rNeg    + . .        c - +0 leather armour
rPois   ∞            z - +0 helmet
rElec   +            (no cloak)
rCorr   .            (no gloves)
SInv    .            (no boots)
Will    .....        (no amulet) Stlth
                     i - +5 ring of evasion
HPRegen 0.32/turn    l - +4 ring of protection
MPRegen 0.11/turn

%: no passive effects
@: berserking, held, very quick
A: sickness immunity, AC +5, negative energy resistance 1, electricity
resistance, torment resistance 1, petrification resistance
a: Renounce Religion, Berserk, Trog's Hand


You were on level 6 of the Dungeon.
You worshipped Trog.
Trog was most pleased with you.
You visited 1 branch of the dungeon, and saw 6 of its levels.

You collected 316 gold pieces.

Inventory:

Hand Weapons
 a - a +0 mace
 v - a +0 quarterstaff (weapon)
Missiles
 m - 6 atropa-tipped darts (quivered)
 n - 5 poisoned darts
 q - a boomerang
 A - 2 throwing nets
Armour
 c - a +0 leather armour (worn)
 z - a +0 helmet (worn)
Jewellery
 e - a +6 ring of dexterity
 i - a +5 ring of evasion (left hand)
 l - a +4 ring of protection (right hand)
Wands
 u - a wand of roots (13)
Scrolls
 b - 4 scrolls of immolation {unknown}
 d - 3 scrolls of brand weapon {unknown}
 f - 2 scrolls of fog {unknown}
 g - a scroll of poison {unknown}
 k - 2 scrolls of teleportation {unknown}
 o - a scroll of enchant weapon {unknown}
 r - 2 scrolls of amnesia {unknown}
 t - a scroll of fear {unknown}
 x - a scroll of enchant armour {unknown}
 y - a scroll of blinking {unknown}
 D - a scroll of identify
Potions
 h - a potion of flight
 j - 3 potions of mutation
 p - a potion of lignification
 s - a potion of invisibility
 w - a potion of cancellation {unknown}
 B - a potion of heal wounds {unknown}


   Skills:
 + Level 5.7 Fighting
 + Level 6.2(6.5) Maces & Flails
 + Level 2.6(4.8) Staves
 * Level 7.2 Armour
 + Level 4.0 Dodging


You had 7 spell levels left.
You didn't know any spells.
Your spell library was empty.

Dungeon Overview and Level Annotations

Branches:
Dungeon (6/15)
 Temple: D:4-7

Altars:
Gozag
Makhleb
Nemelex Xobeh

Shops:
D:2 :


Innate Abilities, Weirdness & Mutations

You are immune to sickness and miasma.
Your stone body is resilient. (AC +5)
You are immune to poison.
You resist negative energy. (rN+)
You are resistant to electric shocks. (rElec)
You are resistant to unholy torment.
You are immune to petrification.


Message History

The gnoll closely misses you.
Things that are here:
a +0 dagger; a +0 robe You hit the gnoll.
The gnoll is moderately wounded.
The gnoll misses you.
The gnoll sergeant hits you from afar with a +0 spear.
The gnoll completely misses you.
You closely miss the gnoll.
The gnoll is moderately wounded.
The gnoll sergeant hits you from afar with a +0 spear!
* * * LOW HITPOINT WARNING * * *
The gnoll misses you. The gnoll hits you but does no damage.
You barely miss the gnoll.
The gnoll is moderately wounded.
The gnoll hits you with a +0 spear!
* * * LOW HITPOINT WARNING * * *
The gnoll sergeant misses you. The gnoll closely misses you.
You barely miss the gnoll.
The gnoll is moderately wounded.
The gnoll sergeant misses you. The gnoll misses you.
The gnoll hits you but does no damage.
You closely miss the gnoll.
The gnoll is moderately wounded.
The gnoll sergeant barely misses you. The gnoll misses you. x2
A red film seems to cover your vision as you go berserk!
You feel yourself moving faster!
You feel mighty!
You can no longer call in reinforcements.
The gnoll misses you. The gnoll sergeant barely misses you.
The gnoll barely misses you.
You bludgeon the gnoll!!
You kill the gnoll!
Trog accepts your kill.
The gnoll throws a throwing net.
The throwing net hits you.
You become entangled in the net!
The gnoll sergeant hits you from afar with a +0 spear.
* * * LOW HITPOINT WARNING * * *
You struggle against the net.
The gnoll hits you but does no damage.
The gnoll sergeant hits you from afar with a +0 spear.
You die...

########.##
#####)#######
##............
#............#
#####..###[#######
#))....# #.#
#†###.## #.# #)#
#.# #.# #@# #.#
#.. #)# #.# ###
#.gg##o# #.....#.#
#........
#......## ##.).#.#
#####.# .#


You could see a gnoll sergeant and a gnoll.

Vanquished Creatures
  Sigmund (D:5)
  A water moccasin (D:5)
  A sky beast (D:6)
  An ogre (D:6)
  2 black bears
  A phantom (D:5)
  3 scorpions
  2 howler monkeys
  A crimson imp (D:4)
  2 jellies
  2 hounds (D:5)
  An iguana (D:5)
  2 orc priests (D:6)
  6 orc wizards
  2 gnolls (D:6)
  6 adders
  A white imp (D:4)
  2 ufetubi
  A worm (D:5)
  3 dart slugs
  23 orcs
  8 ball pythons
  7 bats
  10 endoplasms
  6 giant cockroaches
  3 goblins
  5 hobgoblins
  6 jackals
  7 kobolds
  5 quokkas
  4 frilled lizards
  10 rats
135 creatures vanquished.

Notes
Turn   | Place    | Note
-------+----------+-------------------------------------------
     0 | D:1      | KittyFluff the Gargoyle Berserker began the quest for the
                  | Orb.
     0 | D:1      | Reached XP level 1. HP: 14/14 MP: 1/1
   132 | D:1      | Reached XP level 2. HP: 19/19 MP: 2/2
   638 | D:1      | Reached XP level 3. HP: 23/23 MP: 3/3
   681 | D:1      | Reached ** piety under Trog
   983 | D:2      | Found a faded altar of an unknown god.
  1255 | D:2      | Reached skill level 3 in Armour
  1317 | D:2      | Reached XP level 4. HP: 29/29 MP: 4/4
  1493 | D:2      | Found Bioxkor's Book Shop.
  1562 | D:3      | Found a burning altar of Makhleb.
  1569 | D:3      | Found an opulent altar of Gozag.
  1836 | D:3      | Reached XP level 5. HP: 21/33 MP: 5/5
  2489 | D:4      | Reached *** piety under Trog
  2622 | D:4      | Reached skill level 4 in Armour
  2622 | D:4      | Reached XP level 6. HP: 37/38 MP: 6/6
  3503 | D:5      | Entered Level 5 of the Dungeon
  3607 | D:5      | Noticed a water moccasin
  3630 | D:5      | Killed a water moccasin
  3631 | D:5      | Reached skill level 5 in Maces & Flails
  3631 | D:5      | Reached XP level 7. HP: 36/44 MP: 7/7
  3652 | D:5      | Reached skill level 5 in Armour
  3926 | D:5      | Noticed Sigmund
  3935 | D:5      | Killed Sigmund
  4113 | D:5      | Reached skill level 1 in Staves
  4219 | D:5      | Reached skill level 5 in Fighting
  4219 | D:5      | Reached skill level 6 in Armour
  4219 | D:5      | Reached XP level 8. HP: 42/49 MP: 8/8
  4693 | D:6      | Found a sparkling altar of Nemelex Xobeh.
  5031 | D:6      | Reached skill level 7 in Armour
  5064 | D:6      | Reached **** piety under Trog
  5075 | D:6      | HP: 1/76 [gnoll sergeant/+0 spear (6)]
  5076 | D:6      | Slain by a gnoll sergeant

Illustrated notes

Levels and vault maps discovered:
D:1:      dpeg_arrival_ratfight, layout_basic, roderic_filled_cross,
          chequers_serial_rivers_room_a, minivault_23
D:2:      layout_basic, serial_shops, nicolae_shop_just_a_little_nook,
          basic_ecumenical_altar
D:3:      layout_basic, mainiacjoe_overflow_large_starburst
D:4:      layout_gridville, minmay_fire_ice_demons
D:5:      layout_basic, uniq_sigmund
D:6:      layout_loops_ring, nemelex_spade_bored_becter,
          minmay_temple_entry_butterflies

Skill      XL: |  1  2  3  4  5  6  7  8 |
---------------+-------------------------+-----
Armour         | 3 4 6 7 |  7.2
Dodging        | 2 3 4 |  4.0
Maces & Flails | 4 5 6 |  6.2
Fighting       | 4 5 |  5.7
Staves         | 1 2 |  2.6

Action                     |  1- 3 |  4- 6 |  7- 9 || total
---------------------------+-------+-------+-------++-------
  Melee: Mace              |   128 |   223 |    38 ||   389
         Punch             |     2 |     2 |     1 ||     5
         Quarterstaff      |       |       |   167 ||   167
 Invoke: Berserk           |       |       |     1 ||     1
    Use: Scroll            |       |     4 |     1 ||     5
         Potion            |       |       |     1 ||     1
 Armour: Animal skin       |     5 |       |       ||     5
         Leather armour    |    54 |    94 |    88 ||   236
  Dodge: Dodged            |   100 |   215 |   191 ||   506
